 Dungeon Crawl Stone Soup version 0.20.1-1-g8b1a95d (webtiles) character file.

42 jmlagarto the Vexing (level 3, -3/27 HPs)
             Began as a Mummy Arcane Marksman on Aug 13, 2017.
             Slain by an adder (4 damage)
             ... on level 2 of the Dungeon.
             The game lasted 00:08:33 (1240 turns).

jmlagarto the Vexing (Mummy Arcane Marksman)        Turns: 1240, Time: 00:08:34

Health: -3/27      AC:  2    Str: 13    XL:     3   Next: 35%
Magic:  5/5        EV: 12    Int: 12    God:
Gold:   54         SH:  0    Dex: 13    Spells: 1/4 levels left

rFire    x . .     SeeInvis .   a - +0 hand crossbow
rCold    + . .     Gourm    .   (no shield)
rNeg     + + +     Faith    .   e - +0 robe
rPois    ∞         Spirit   .   (no helmet)
rElec    .         Reflect  .   (no cloak)
rCorr    .         Harm     .   (no gloves)
MR       .....                  (no boots)
Stlth    +.........             (no amulet)
Regen    0.1/turn               (no ring)
MPRegen  0.1/turn               (no ring)

@: no status effects
A: no food or potions, fire vulnerability, cold resistance 1, negative energy
resistance 3, torment resistance, unbreathing
a: no special abilities


You were on level 2 of the Dungeon.
You were not hungry.

You visited 1 branch of the dungeon, and saw 2 of its levels.

You collected 54 gold pieces.

Inventory:

Hand Weapons
 a - a +0 hand crossbow (weapon)
Missiles
 d - 7 bolts (quivered)
Armour
 e - a +0 robe (worn)
Scrolls
 g - a scroll of identify
 h - 2 scrolls of remove curse
Books
 c - a book of Debilitation

   Spells                             Type                      Level
   a - Corona                         Hexes                        1
   b - Slow                           Hexes                        2
   c - Inner Flame                    Hexes/Fire                   3
   d - Portal Projectile              Hexes/Translocation          3
   e - Cause Fear                     Hexes                        4
   f - Leda's Liquefaction            Hexes/Earth                  4


   Skills:
 + Level 1.7 Fighting
 + Level 2.1 Crossbows
 + Level 1.8 Dodging
 + Level 0.3 Stealth
 + Level 1.3 Spellcasting
 + Level 3.1 Hexes


You had one spell level left.
You knew the following spells:

 Your Spells              Type           Power        Failure   Level  Hunger
a - Corona                Hex            #......      8%          1    N/A
b - Slow                  Hex            #.......     12%         2    N/A

Dungeon Overview and Level Annotations

Branches:
Dungeon (2/15)

Altars:


Innate Abilities, Weirdness & Mutations

You do not eat or drink.
Your flesh is vulnerable to fire.
You are immune to poison.
Your flesh is cold resistant. (rC+)
You are immune to negative energy. (rN+++)
You are immune to unholy pain and torment.
You can survive without breathing.


Message History

Okay, then.
The adder bites you.
* * * LOW HITPOINT WARNING * * *
You see here a scroll labeled HOINASTYFOSIF.
The adder misses you. The adder bites you but does no damage.
You are too injured to fight recklessly!
The adder bites you.
* * * LOW HITPOINT WARNING * * *
The adder closely misses you. The adder closely misses you.
The adder bites you.
* * * LOW HITPOINT WARNING * * *
The adder bites you.
* * * LOW HITPOINT WARNING * * *
The adder closely misses you. The adder bites you.
* * * LOW HITPOINT WARNING * * *
The adder bites you.
You die...

#. #.>.# #.#...(..#
#.#### ###.###
#.<.....(#
#....####...#
#...######
####........#.## ##...#
....)†..#####..# #?#.#
###.<#<..#####.# #.#..#
#..####....##.##
#.##... ##.##
##.#.....#####.# ##.#
...# #.###..S@.....#
..# #### #.#
#....)....# . ## ..##
#.# #.........#..#
#..## #†# #...........#
##..#
##.###.........###
##.####..............#
#..##...#......(<...#
##.##.#.#.#.........#
####....#...#.........#


You could see an adder.

Vanquished Creatures
  An adder (D:2)
  A worm (D:2)
  2 dart slugs
  2 giant cockroaches (D:1)
  3 hobgoblins (D:1)
  2 jackals (D:1)
  4 kobolds (D:1)
  6 bats
  A frilled lizard (D:1)
  3 goblins (D:1)
  2 rats (D:2)
27 creatures vanquished.

Notes
Turn   | Place    | Note
-------+----------+-------------------------------------------
     0 | D:1      | jmlagarto the Mummy Arcane Marksman began the quest for the Orb.
     0 | D:1      | Reached XP level 1. HP: 15/15 MP: 2/2
   234 | D:1      | Reached skill level 3 in Hexes
   238 | D:1      | Reached XP level 2. HP: 14/21 MP: 4/4
   886 | D:1      | Learned a level 2 spell: Slow
  1118 | D:2      | Reached XP level 3. HP: 26/26 MP: 2/5
  1238 | D:2      | HP: 1/27 [adder (1)]
  1240 | D:2      | Slain by an adder

Skill      XL: |  1  2 |
---------------+-------+-----
Hexes          | 3 |  3.1
Crossbows      | 2 |  2.1
Fighting       | |  1.7
Dodging        | |  1.8
Stealth        | |  0.3
Spellcasting   | |  1.3

Action                   || total
-------------------------++-------
 Fire: Hand crossbow     ||    69
 Cast: Corona            ||    10
       Slow              ||     1
  Use: Scroll            ||     3
Armor: Robe              ||    11
Dodge: Dodged            ||    44
